 Dungeon Crawl Stone Soup version 0.30.0-19-g36f170ea60 (webtiles) character file.

Game seed: 9089051520244710727

87 CaptainMV the Poker (level 4, -1/30 HPs)
             Began as a Demonspawn Wanderer on May 30, 2023.
             Slain by a hound (5 damage)
             ... on level 5 of the Dungeon.
             The game lasted 00:13:15 (1425 turns).

CaptainMV the Poker (Demonspawn Wanderer)           Turns: 1425, Time: 00:13:15

Health: -1/30      AC:  4    Str: 12    XL:     4   Next: 28%
Magic:  0/5        EV: 11    Int: 17    God:
Gold:   139        SH:  3    Dex: 11    Spells: 1/5 levels left

rFire   . . .        a - +3 spear
rCold   . . .        b - +0 buckler
rNeg    . . .        d - +0 robe
rPois   .            (no helmet)
rElec   .            (no cloak)
rCorr   .            (no gloves)
SInv    .            (no boots)
Will    .....        (no amulet)
Stlth   +            (no ring)
HPRegen 0.25/turn    (no ring)
MPRegen 0.09/turn

%: no passive effects
@: no status effects
A: slimy green scales 1
a: no special abilities


You were on level 5 of the Dungeon.
You visited 1 branch of the dungeon, and saw 4 of its levels.

You collected 139 gold pieces.

Inventory:

Hand Weapons
 a - a +3 spear (weapon)
Armour
 b - a +0 buckler (worn)
 d - a +0 robe (worn)
Jewellery
 f - a ring of ice
Scrolls
 c - 2 scrolls of teleportation
Potions
 e - 2 potions of magic
 g - 4 potions of curing {unknown}
 h - a potion of attraction {unknown}
 i - a potion of ambrosia {unknown}
 j - 3 potions of berserk rage {unknown}
 k - a potion of degeneration {unknown}


   Skills:
 + Level 0.1 Fighting
 + Level 5.3 Polearms
 + Level 0.9 Dodging
 + Level 1.0 Shields
 + Level 1.2 Spellcasting
 + Level 3.0 Fire Magic
 + Level 1.2 Ice Magic


You had one spell level left.
You knew the following spells:

 Your Spells              Type           Power      Damage    Failure   Level
a - Foxfire               Conj/Fire      24%        2x1d5     16%         1
b - Freeze                Ice            20%        1d4       19%         1
c - Poisonous Vapours     Pois/Air       2%         N/A       41%         2

Your spell library contained the following spells:

 Spells                   Type           Power      Damage    Failure   Level
 Frozen Ramparts          Ice            10%        1d2       47%         3
 Ignite Poison            Fire/Tmut/Pois 4%         N/A       52%         3
 Hailstorm                Conj/Ice       3%         3d3       56%         3
 Mephitic Cloud           Conj/Pois/Air  1%         N/A       65%         3
 Freezing Cloud           Conj/Ice/Air   1%         6-21      100%        5


Dungeon Overview and Level Annotations

Branches:
Dungeon (3/15)

Altars:


Innate Abilities, Weirdness & Mutations

You are partially covered in slimy green scales. (AC +2)


Message History

You fall into a shaft and drop 2 floors!
The shaft crumbles and collapses.
Reactivating autopickup.
Found a robe, a scroll of teleportation and a long sword.
You see here a +0 robe.
c - 2 scrolls of teleportation (gained 1)
g - 4 amethyst potions (gained 1)
A hound comes into view.
Found a scroll labelled GOW TEXUTTIL.
The hound barks!
Casting: Poisonous Vapours (quite dangerous; 41% risk of failure)
Confirm with . or Enter, or press ? or * to list all spells.
You conjure some foxfire!
The foxfire hits the hound.
The hound is lightly wounded.
Casting: Foxfire (safe; 16% risk of failure)
Confirm with . or Enter, or press ? or * to list all spells.
Aiming: Freeze (safe; 19% risk of failure)
Press: ? - help, Shift-Dir - straight line, f - hound
Aim: a hound (lightly wounded, ally target)
You freeze the hound.
The hound is heavily wounded.
The foxfire hits the hound.
The hound is heavily wounded.
You closely miss the hound.
The hound is heavily wounded.
The hound bites you.
* * * LOW HITPOINT WARNING * * *
The hound bites you.
* * * LOW HITPOINT WARNING * * *
You completely miss the hound.
The hound is heavily wounded.
The hound barely misses you.
You hit the hound.
The hound is heavily wounded.
A phantom comes into view.
The hound closely misses you.
You hit the hound.
The hound is severely wounded.
The hound bites you.
You die...

....... .......
.......########
......)........
...............
.............
#.#.........
#...@#
##.####h.####
........[...#
###...#####.#
###W # #


You could see a phantom and a hound.

Vanquished Creatures
  An iguana (D:2)
  An adder (D:2)
  2 worms (D:2)
  A dart slug (D:3)
  2 orcs (D:3)
  4 ball pythons
  4 endoplasms
  3 giant cockroaches
  7 goblins
  A hobgoblin (D:2)
  3 quokkas
  3 bats
  4 frilled lizards
  2 kobolds
  4 rats
42 creatures vanquished.

Vanquished Creatures (others)
  49 foxfires
49 creatures vanquished.

Grand Total: 91 creatures vanquished

Notes
Turn   | Place    | Note
-------+----------+-------------------------------------------
     0 | D:1      | CaptainMV the Demonspawn Wanderer began the quest for the
                  | Orb.
     0 | D:1      | CaptainMV set off with the following items: a +2 spear, a
                  | +0 buckler, a potion of lignification, a +0 robe; and the
                  | following spell memorised: Foxfire; and the following
                  | spells available to memorise: Ignite Poison.
     0 | D:1      | Reached XP level 1. HP: 13/13 MP: 2/2
    48 | D:1      | Gained mutation: You are partially covered in slimy green
                  | scales. (AC +2) [demonic ancestry]
    48 | D:1      | Reached XP level 2. HP: 19/19 MP: 0/3
    59 | D:1      | Found a faded altar of an unknown god.
   181 | D:1      | Reached skill level 5 in Polearms
   677 | D:2      | Learned a level 1 spell: Freeze
   719 | D:2      | Reached XP level 3. HP: 12/24 MP: 0/4
  1020 | D:2      | Reached skill level 1 in Ice Magic
  1020 | D:2      | Reached XP level 4. HP: 3/30 MP: 0/5
  1342 | D:3      | Learned a level 2 spell: Poisonous Vapours
  1414 | D:3      | You fall into a shaft and drop 2 floors!
  1414 | D:5      | Entered Level 5 of the Dungeon
  1424 | D:5      | Noticed a phantom
  1425 | D:5      | Slain by a hound

Illustrated notes

Levels and vault maps discovered:
D:1:      lightli_iron_boxes, layout_basic, dilly_ecumenical_altar_fadedgnrine
D:2:      layout_basic, serial_forest, infiniplex_forest_straight_2,
          infiniplex_forest_straight_3, infiniplex_forest_clump_medium,
          infiniplex_forest_straight_4, infiniplex_forest_lined_ring,
          infiniplex_forest_corner_1, st_stairs_14
D:3:      layout_loops_ring, serial_bayou_pond_d
D:5:      layout_basic, nemelex_xobeh_ov_fountains_minmay,
          mainiacjoe_overflow_swirl, serial_shops, shop

Skill      XL: |  1  2  3  4 |
---------------+-------------+-----
Polearms       | 5 |  5.3
Ice Magic      | 1 |  1.2
Fire Magic     | 3 |  3.0
Fighting       | |  0.1
Dodging        | |  0.9
Shields        | |  1.0
Spellcasting   | |  1.2

Action                     |  1- 3 |  4- 6 || total
---------------------------+-------+-------++-------
  Melee: Spear             |    61 |    15 ||    76
   Cast: Foxfire           |    19 |     9 ||    28
         Freeze            |     7 |     1 ||     8
         Poisonous Vapours |       |     2 ||     2
    Use: Scroll            |     3 |     1 ||     4
         Potion            |     2 |       ||     2
 Armour: Robe              |    15 |     4 ||    19
         Skin              |     7 |       ||     7
  Dodge: Dodged            |    23 |     4 ||    27
  Block: Buckler           |    11 |     1 ||    12
